Map: Nightshade LE

Players

Backhand - Winner!

  • Race: Terran Terran
  • League: Silver
  • Spawn Location: 5:00

JohnnyV

  • Race: Terran Terran
  • League: Silver
  • Spawn Location: 11:00

VOD

Have the link to the VOD?

Description

Time

  • Played on: May 23, 2020, 11:59 a.m.
  • Length: 3:34
Show
View Real Time Build Order
Export as new Build Order

Backhand Terran - Winner!

Build Orders:  

Get SALT Encoding   

  12  0:02  SCV  
  13  0:14  SCV  
  13  0:17  Supply Depot  
  14  0:26  SCV  
  15  0:39  SCV  
  15  0:41  Barracks  
  16  0:49  Refinery  
  16  0:51  SCV  
  17  1:03  SCV  
  18  1:15  SCV  
  19  1:27  SCV  
  20  1:34  Reaper  
  21  1:45  Orbital Command, Command Center  
  21  1:58  Supply Depot  
  21  2:07  Marine  
  22  2:13  Factory  
  22  2:14  Refinery  
  22  2:17  SCV  
  23  3:03  SCV  
  24  3:06  Factory Tech Lab  
  24  3:07  Barracks Reactor  
  24  3:09  Starport  
  24  3:15  SCV  
  25  3:25  Barracks  
  25  3:28  Barracks  
Show
View Real Time Build Order
Export as new Build Order

JohnnyV Terran 

Build Orders:  

Get SALT Encoding   

  12  0:01  SCV  
  13  0:17  SCV  
  13  0:18  Supply Depot  
  14  0:28  Refinery  
  14  0:30  SCV  
  15  0:42  Barracks  
  15  0:45  SCV  
  16  0:58  SCV  
  17  1:10  SCV  
  18  1:15  Refinery  
  18  1:22  SCV  
  19  1:30  Reaper  
  19  1:32  Supply Depot  
  20  1:34  SCV  
  21  1:46  SCV  
  22  1:47  Factory  
  22  1:58  SCV  
  23  2:01  Bunker  
  23  2:15  Engineering Bay  
  23  2:19  Barracks Tech Lab  
  23  2:26  SCV  
  24  2:38  SCV  
  25  2:46  Marine  
  25  2:50  SCV  
  26  3:07  Factory Tech Lab  
  26  3:11  Starport  
  26  3:17  Supply Depot  
Tags
 
Matchup
TvT
Race
Terran
Spawn Locations
Cross Positions
Add a new tag
Caveats
  • Supply blocks, unpowered buildings, or Contaminate may cause inaccurate times.
  • Supply counts are checked every 10 seconds.